 Dungeon Crawl Stone Soup version 0.28-a0-1152-g9c71ebef14 (webtiles) character file.

Game seed: 10036385746745819287

394 Gwenloh the Stinger (level 6, -2/56 HPs)
             Began as a Naga Venom Mage on Dec 14, 2021.
             Slain by a water moccasin skeleton (4 damage)
             ... on level 4 of the Dungeon.
             The game lasted 00:15:51 (4804 turns).

Gwenloh the Stinger (Naga Venom Mage)               Turns: 4804, Time: 00:15:52

Health: -2/56      AC:  3    Str: 10    XL:     6   Next: 82%
Magic:  1/11       EV: 24    Int: 18    God:
Gold:   196        SH:  0    Dex: 11    Spells: 2/12 levels left

rFire   . . .      SeeInvis +   f - +0 quarterstaff
rCold   . . .      Faith    .   (shield currently unavailable)
rNeg    . . .      Spirit   .   a - +0 robe
rPois   +          Reflect  .   (no helmet)
rElec   .          Harm     .   (no cloak)
rCorr   .          Rampage  .   (no gloves)
Will    .....                   (no barding)
Stlth   ++........              e - amulet of the acrobat
HPRegen 0.18/turn               (no ring)
MPRegen 0.12/turn               (no ring)

@: about to teleport, acrobatic, very slow
A: AC +2, large, see invisible, deformed body, poison resistance, slowness 2,
spit poison 1, naga tail 1
a: Spit Poison


You were on level 4 of the Dungeon.
You visited 1 branch of the dungeon, and saw 4 of its levels.

You collected 196 gold pieces.

Inventory:

Hand Weapons
 f - a +0 quarterstaff (weapon)
Missiles
 b - 119 stones (quivered)
 i - a throwing net
 l - 4 silver javelins
Armour
 a - a +0 robe (worn)
Jewellery
 e - an amulet of the acrobat (around neck)
Scrolls
 d - a scroll of immolation
 g - a scroll of enchant weapon {unknown}
 h - 2 scrolls of teleportation
 r - 3 scrolls of magic mapping
Potions
 c - a potion of mutation {unknown}
 j - a potion of cancellation {unknown}
 k - a potion of haste {unknown}
 m - 2 potions of curing
 n - a potion of flight {unknown}
 o - a potion of ambrosia {unknown}
 p - a potion of berserk rage {unknown}
 q - a potion of might {unknown}
 s - a potion of resistance {unknown}
 t - a potion of heal wounds {unknown}
 u - a potion of degeneration {unknown}


   Skills:
 + Level 3.1 Fighting
 - Level 1.5 Dodging
 - Level 3.0 Stealth
 + Level 3.5 Spellcasting
 - Level 1.0 Transmutations
 * Level 7.5 Poison Magic


You had 2 spell levels left.
You knew the following spells:

 Your Spells              Type           Power      Damage    Failure   Level
a - Sting                 Tmut/Pois      72%        1d6       2%          1
b - Poisonous Vapours     Pois/Air       32%        N/A       4%          2
c - Mephitic Cloud        Conj/Pois/Air  12%        N/A       17%         3
d - Olgreb's Toxic Radia  Pois           30%        N/A       7%          4

Your spell library contained the following spells:

 Spells                   Type           Power      Damage    Failure   Level
 Ensorcelled Hibernation  Hex/Ice        6%         N/A       24%         2
 Spider Form              Tmut/Pois      18%        N/A       9%          3


Dungeon Overview and Level Annotations

Branches:
Dungeon (4/15)
 Temple: D:4-7

Altars:
Uskayaw
Yredelemnul

Shops:
D:2 :


Innate Abilities, Weirdness & Mutations

Your serpentine skin is tough. (AC +2)
You have supernaturally acute eyesight. (SInv)
Armour fits poorly on your strangely shaped body.
Your system is resistant to poisons. (rPois)
You cover ground very slowly.
You can spit poison.
You have a snake-like lower body.


Message History

Aiming: Sting (safe; 2% risk of failure)
Press: ? - help, Shift-Dir - straight line, f/p - water moccasin skeleton
Aim: a water moccasin skeleton (heavily damaged, 81% to hit)
The sting hits the water moccasin skeleton.
The water moccasin skeleton partially resists.
The water moccasin skeleton is severely damaged.
The water moccasin skeleton bites you.
You barely miss the water moccasin skeleton.
The water moccasin skeleton is severely damaged.
The water moccasin skeleton bites you. x2
You hit the water moccasin skeleton.
The water moccasin skeleton is severely damaged.
The water moccasin skeleton barely misses you.
You closely miss the water moccasin skeleton.
The water moccasin skeleton is severely damaged.
The water moccasin skeleton barely misses you.
The water moccasin skeleton bites you.
You closely miss the water moccasin skeleton.
The water moccasin skeleton is severely damaged.
The water moccasin skeleton bites you.
You hit the water moccasin skeleton.
The water moccasin skeleton is severely damaged.
The water moccasin skeleton bites you.
* * * LOW HITPOINT WARNING * * *
The water moccasin skeleton bites you!
* * * LOW HITPOINT WARNING * * *
You hit the water moccasin skeleton.
The water moccasin skeleton is almost destroyed.
The water moccasin skeleton barely misses you.
You closely miss the water moccasin skeleton.
The water moccasin skeleton is almost destroyed.
The water moccasin skeleton bites you.
* * * LOW HITPOINT WARNING * * *
The water moccasin skeleton bites you.
* * * LOW HITPOINT WARNING * * *
As you read the scroll of teleportation, it crumbles to dust.
You feel strangely unstable.
The water moccasin skeleton closely misses you.
The water moccasin skeleton bites you.
You die...

....#########.........#
..##### #...[.....#
......### #...).....#
........# ##........#
#####.#.# ####.....#
#.#.### #####.# #.#...#
#########<#
#.....###.......#####
#.###..†....@Z.......
#.#..................
#+###...............<
#####............
#########.... .... ...
.)


You could see a water moccasin skeleton.

Vanquished Creatures
  A scorpion (D:4)
  5 adders
  2 worms
  3 dart slugs
  5 orcs (D:3)
  4 ball pythons
  10 endoplasms
  8 giant cockroaches
  6 goblins
  9 hobgoblins
  4 jackals
  7 kobolds
  4 quokkas
  7 bats
  4 frilled lizards
  2 rats
81 creatures vanquished.

Vanquished Creatures (collateral kills)
  Grinder (D:4)
1 creature vanquished.

Grand Total: 82 creatures vanquished

Notes
Turn   | Place    | Note
-------+----------+-------------------------------------------
     0 | D:1      | Gwenloh the Naga Venom Mage began the quest for the Orb.
     0 | D:1      | Reached XP level 1. HP: 15/15 MP: 3/3
   222 | D:1      | Reached XP level 2. HP: 24/24 MP: 1/5
   293 | D:1      | Learned a level 2 spell: Poisonous Vapours
   335 | D:1      | Found a faded altar of an unknown god.
   642 | D:1      | Reached skill level 1 in Fighting
   826 | D:1      | Reached XP level 3. HP: 31/31 MP: 0/6
   830 | D:1      | Learned a level 3 spell: Mephitic Cloud
  1601 | D:2      | Reached skill level 5 in Poison Magic
  2415 | D:2      | Found Otizyez's Book Shoppe.
  2519 | D:2      | Reached XP level 4. HP: 38/38 MP: 0/7
  3437 | D:3      | Found a basalt altar of Yredelemnul.
  3587 | D:3      | Reached XP level 5. HP: 42/45 MP: 5/9
  3626 | D:3      | Found a hide-covered altar of Uskayaw.
  3642 | D:3      | Reached skill level 6 in Poison Magic
  4476 | D:4      | Noticed Grinder
  4609 | D:4      | Paralysed by Grinder for 3 turns
  4618 | D:4      | Killed Grinder
  4619 | D:4      | Reached skill level 7 in Poison Magic
  4619 | D:4      | Reached XP level 6. HP: 41/55 MP: 6/11
  4624 | D:4      | Learned a level 4 spell: Olgreb's Toxic Radiance
  4802 | D:4      | HP: 2/56 [water moccasin skeleton (3)]
  4804 | D:4      | Slain by a water moccasin skeleton

Illustrated notes

Levels and vault maps discovered:
D:1:      minmay_arrival_four_loops, layout_loops_ring,
          ebering_ecumenical_altar_sacrificial, minivault_26
D:2:      layout_basic, serial_shops, nicolae_shop_behind_doors,
          hangedman_decor_clover_reticule, minmay_crystal_water, minmay_puff
D:3:      layout_rooms, mainiacjoe_overflow_small_starburst,
          nicolae_uskayaw_dance_hall, kennysheep_path_1
D:4:      layout_basic, uniq_grinder

Skill      XL: |  1  2  3  4  5  6 |
---------------+-------------------+-----
Fighting       | 1 2 3 |  3.1
Poison Magic   | 5 7 |  7.5
Spellcasting   | 3 |  3.5
Dodging        | |  1.5
Stealth        | |  3.0
Transmutations | |  1.0

Action                   |  1- 3 |  4- 6 || total
-------------------------+-------+-------++-------
Melee: Unarmed           |     6 |       ||     6
       Quarterstaff      |     1 |    41 ||    42
Throw: Stone             |     5 |     1 ||     6
 Cast: Sting             |    63 |    57 ||   120
       Poisonous Vapours |    25 |    26 ||    51
 Abil: Spit Poison       |    24 |    24 ||    48
  Use: Scroll            |       |     6 ||     6
Armor: Robe              |     7 |    17 ||    24
Dodge: Dodged            |    16 |    22 ||    38

Table legend: (Time is in decaauts)
 A = Elapsed time spent in this place.
 B = Non-inter-level travel time spent in this place.
 C = Inter-level travel time spent in this place.
 D = Time resting spent in this place.
 E = Time spent auto-exploring this place.
 F = Levels seen in this place.
 G = Mean time per level.
                   A        B        C        D        E       F      G
               +--------+--------+--------+--------+--------+-----+--------+
         Total |   5712 |   5570 |    142 |     71 |   4750 |   4 | 1428.0 |
       Dungeon |   5712 |   5570 |    142 |     71 |   4750 |   4 | 1428.0 |
               +--------+--------+--------+--------+--------+-----+--------+

Top non-repeatable levels by time:
     D:2: 1991 daAuts
     D:1: 1893 daAuts
     D:3: 1428 daAuts
     D:4: 399 daAuts
